 Dungeon Crawl Stone Soup version 0.23.0-33-g5e6c059 (webtiles) character file.

Game seed: 329651358628682159

68 sking99 the Insei (level 4, -4/29 HPs)
             Began as an Octopode Transmuter on Feb 27, 2019.
             Slain by an orc wizard
             ... wielding a +0 dagger
              (5 damage)
             ... on level 3 of the Dungeon.
             The game lasted 00:02:47 (1742 turns).

sking99 the Insei (Octopode Transmuter)             Turns: 1742, Time: 00:02:48

Health: -4/29      AC:  1    Str:  9    XL:     4   Next: 19%
Magic:  7/7        EV: 13    Int: 16    God:
Gold:   91         SH:  0    Dex: 12    Spells: 1/7 levels left

rFire    . . .     SeeInvis .     - Unarmed
rCold    . . .     Gourm    .   (no shield)
rNeg     . . .     Faith    .   (helmet restricted)
rPois    .         Spirit   .   (no amulet)
rElec    .         Reflect  .   (no ring)
rCorr    .         Harm     .   (no ring)
MR       .....                  (no ring)
Stlth    ++........             (no ring)
HPRegen  0.09/turn              (no ring)
MPRegen  0.10/turn              (no ring)
                                (no ring)
                                (no ring)

@: no status effects
A: almost no armour, stealthy swim, amphibious, 8 rings, constrict 8, camouflage
1, gelatinous body 1
a: no special abilities


You were on level 3 of the Dungeon.
You were hungry.

You visited 1 branch of the dungeon, and saw 3 of its levels.

You collected 91 gold pieces.

Inventory:

Missiles
 a - 46 arrows
Jewellery
 g - an uncursed ring of wizardry {unknown}
Scrolls
 e - a scroll of amnesia {unknown}
 f - a scroll of noise {unknown}
 h - a scroll of remove curse {unknown}
 j - a scroll of teleportation {unknown}
 k - 2 scrolls of identify {unknown}
 l - a scroll of fog {unknown}
 n - a scroll of blinking {unknown}
Potions
 b - a potion of ambrosia {unknown}
 d - 2 potions of berserk rage {unknown}
 i - a potion of invisibility
 m - 2 potions of brilliance {unknown}
Comestibles
 c - 4 rations


   Skills:
 + Level 1.9 Fighting
 - Level 2.3 Dodging
 * Level 4.0 Unarmed Combat
 - Level 2.0 Spellcasting
 + Level 2.3 Transmutations
 + Level 1.0 Poison Magic


You had one spell level left.
You knew the following spells:

 Your Spells              Type           Power        Failure   Level  Hunger
a - Beastly Appendage     Tmut           #.....       9%          1    #......
b - Sticks to Snakes      Tmut           #.......     12%         2    ###....
c - Spider Form           Tmut/Pois      #.........   30%         3    ###....

Your spell library contained the following spells:

 Spells                   Type           Power        Failure   Level  Hunger
 Magic Dart               Conj           #...         21%         1    #......
 Blink                    Tloc           N/A          30%         2    ###....
 Call Imp                 Summ           #.......     30%         2    ###....
 Slow                     Hex            #.......     30%         2    ###....
 Mephitic Cloud           Conj/Pois/Air  #.......     47%         3    ###....
 Conjure Flame            Conj/Fire      #.......     52%         3    ###....
 Ice Form                 Ice/Tmut       #.......     78%         4    #####..
 Blade Hands              Tmut           #.........   92%         5    ######.


Dungeon Overview and Level Annotations

Branches:
Dungeon (3/15)

Altars:


Innate Abilities, Weirdness & Mutations

You cannot wear most types of armour.
You are very stealthy in the water. (Stealth+)
You are amphibious.
You can wear up to eight rings at the same time.
You can use your tentacles to constrict eight enemies at once.
Your skin changes colour to match your surroundings (Stealth+).
Your rubbery body absorbs attacks. (AC +1, EV +1)


Message History

You constrict the orc wizard. The orc barely misses you.
The orc wizard misses you.
You barely miss the orc wizard.
The orc wizard is almost dead.
You constrict the orc wizard.
You kill the orc wizard!
Your Unarmed Combat skill increases to level 4!
Your Poison Magic skill increases to level 1!
You have reached level 4!
A bat comes into view.
The orc barely misses you.
The bat moves out of view.
Something hits you. The orc hits you with a +0 trident!
* * * LOW HITPOINT WARNING * * *
The orc hits you with a +0 dagger.
* * * LOW HITPOINT WARNING * * *
Found 6 gold pieces.
Things that are here:
a +0 dagger; a +0 robe You closely miss the orc.
Your grab misses the orc. Something hits you.
You die...

#.#...###.#
##........#######.
##.......###.......
####
#.........##...
......
...........#.#
.#...
.............# ...#
.#.......##..# .b#
........###..####.#
...............)@o#
######.####..####o#
#.# #... ..# #.#
#..## .#.# .# #..#
.#... .# #... ..
..# .# ##.. $. ##
## ..


You could see 2 orcs and a bat.

Vanquished Creatures
  An orc wizard (D:3)
  An ooze (D:1)
  2 dart slugs
  A leopard gecko (D:1)
  An orc (D:3)
  2 giant cockroaches
  2 hobgoblins
  2 kobolds (D:1)
  5 bats
  6 frilled lizards
  5 goblins
  3 rats
31 creatures vanquished.

Notes
Turn   | Place    | Note
-------+----------+-------------------------------------------
     0 | D:1      | sking99 the Octopode Transmuter began the quest for the
                  | Orb.
     0 | D:1      | Reached XP level 1. HP: 13/13 MP: 3/3
   403 | D:1      | Reached XP level 2. HP: 15/18 MP: 5/5
   520 | D:1      | Learned a level 2 spell: Sticks to Snakes
   726 | D:1      | Reached XP level 3. HP: 23/23 MP: 6/6
   731 | D:1      | Learned a level 3 spell: Spider Form
  1740 | D:3      | Reached skill level 4 in Unarmed Combat
  1740 | D:3      | Reached skill level 1 in Poison Magic
  1740 | D:3      | Reached XP level 4. HP: 17/29 MP: 7/7
  1741 | D:3      | HP: 1/29 [orc/+0 dagger (3)]
  1742 | D:3      | Slain by an orc wizard

Skill      XL: |  1  2  3 |
---------------+----------+-----
Unarmed Combat | 4 |  4.0
Poison Magic   | 1 |  1.0
Fighting       | |  1.9
Dodging        | |  2.3
Spellcasting   | |  2.0
Transmutations | |  2.3

Action                   |  1- 3 |  4- 6 || total
-------------------------+-------+-------++-------
Melee: Unarmed           |    79 |     1 ||    80
       Constrict         |    17 |       ||    17
       Tentacles         |     9 |       ||     9
       Punch             |     2 |       ||     2
       Kick              |     4 |       ||     4
 Cast: Beastly Appendage |     3 |       ||     3
       Spider Form       |     1 |       ||     1
 Stab: Sleeping          |     7 |       ||     7
  Eat: Chunk             |     2 |       ||     2
Armor: Skin              |     4 |       ||     4
Dodge: Dodged            |    53 |     1 ||    54
